 Dungeon Crawl Stone Soup version 0.32-a0-685-g93135e86f0 (webtiles) character file.

Game seed: 5376265622836281816

39 warriortoast the Digger (level 3, -1/19 HPs)
             Began as a Gargoyle Earth Elementalist on Mar 12, 2024.
             Slain by a gnoll
             ... wielding a +0 flail of protection
              (10 damage)
             ... on level 2 of the Dungeon.
             The game lasted 00:01:21 (1211 turns).

warriortoast the Digger (GrEE)                      Turns: 1211, Time: 00:01:22

Health: -1/19      AC:  6    Str: 11    XL:     3   Next: 47%
Magic:  3/6        EV: 11    Int: 17    God:
Gold:   64         SH:  0    Dex: 10    Spells: 6/7 levels left

rFire   . . .        c - +0 short sword
rCold   . . .        (no shield)
rNeg    + . .        a - +0 robe
rPois   ∞            (no helmet)
rElec   +            (no cloak)
rCorr   .            f - +0 pair of gloves
SInv    .            (no boots)
Will    .....        (no amulet)
Stlth   ++           (no ring)
HPRegen 0.23/turn    (no ring)
MPRegen 0.10/turn

%: no passive effects
@: no status effects
A: sickness immunity, AC +3, negative energy resistance 1, electricity
resistance, torment resistance 1, petrification resistance
a: no special abilities


You were on level 2 of the Dungeon.
You visited 1 branch of the dungeon, and saw 2 of its levels.

You collected 64 gold pieces.

Inventory:

Hand Weapons
 c - a +0 short sword (weapon)
Armour
 a - a +0 robe (worn)
 f - a +0 pair of gloves (worn)
Scrolls
 d - a scroll of poison {unknown}
 e - a scroll of enchant armour {unknown}
Potions
 b - a potion of magic
 g - a potion of haste {unknown}
 h - a potion of heal wounds {unknown}


   Skills:
 - Level 1.5 Dodging
 - Level 2.1 Stealth
 + Level 2.6 Spellcasting
 + Level 2.1 Conjurations
 + Level 4.2 Earth Magic


You had 6 spell levels left.
You knew the following spells:

 Your Spells              Type           Power      Damage    Failure   Level
a - Sandblast             Erth           32%        2d9       3%          1

Your spell library contained the following spells:

 Spells                   Type           Power      Damage    Failure   Level
 Passwall                 Erth           16%        N/A       10%         3
 Stone Arrow              Conj/Erth      26%        3d8       14%         3
 Brom's Barrelling Bould  Conj/Erth      13%        2d4       43%         4
 Petrify                  Alch/Erth      9%         N/A       58%         4


Dungeon Overview and Level Annotations

Branches:
Dungeon (2/15)

Altars:


Innate Abilities, Weirdness & Mutations

You are immune to sickness and miasma.
Your stone body is resilient. (AC +3)
You are immune to poison.
You resist negative energy. (rN+)
You are resistant to electric shocks. (rElec)
You are resistant to unholy torment.
You are immune to petrification.


Message History

A frilled lizard comes into view.
The blast of sand hits the rat!
You kill the rat!
The blast of sand hits the frilled lizard.
You kill the frilled lizard!
You can't see any susceptible monsters within range! (Use Z to cast anyway.)
You can't see any susceptible monsters within range! (Use Z to cast anyway.) 2 gnolls come into view.
A gnoll is wielding a +0 flail of protection.
Found a long sword.
A bat comes into view.
You can't see any susceptible monsters within range! (Use Z to cast anyway.)
The gnoll shouts! x2; You hear a shout!
A gnoll comes into view. It is wielding a +0 whip.
A dart slug comes into view.
The bat hits you but does no damage. The bat closely misses you.
You miscast Sandblast.
You are very lightly contaminated with residual magic.
Nothing appears to happen.
The bat barely misses you.
The blast of sand hits the bat!
You kill the bat!
The blast of sand hits the gnoll but does no damage.
The gnoll closely misses you.
The gnoll hits you from afar with a +0 spear.
The blast of sand hits the gnoll.
The gnoll is lightly wounded.
The gnoll hits you with a +0 flail of protection.
The gnoll hits you from afar with a +0 spear.
You are too injured to fight recklessly!
You are too injured to fight recklessly!
You are too injured to fight recklessly!
The gnoll attacks as it pursues you! The gnoll barely misses you.
Your magical contamination has completely faded away.
The gnoll attacks as it pursues you! The gnoll misses you.
The gnoll attacks as it pursues you! The gnoll hits you but does no damage.
The gnoll attacks as it pursues you!
The gnoll hits you with a +0 flail of protection!
Ouch! That really hurt!
You die...

#w. #........# #######.###
#...#####.##.##..# #....).## #
........#.##.##..###....)#.###
.........g...##..........##.#.
........#.##g##.####.....###..
#.).#####.##g##.# #.....# #.#
#.. #.......# ####### #.# #
#####g### #.# #@# #.. #.# ###
### #.#. .. ..# ..... ..##.#
.....#####..#.####
#..##..†..##.#.....
#..#..#.<..#..#.###
#..#.......#..#.#
#.<._.#....#.#


You could see 3 gnolls.

Vanquished Creatures
  A gnoll (D:1)
  A ball python (D:1)
  5 bats
  4 endoplasms (D:1)
  6 hobgoblins
  3 jackals (D:1)
  2 frilled lizards (D:2)
  A goblin (D:1)
  3 kobolds
  2 rats
28 creatures vanquished.

Notes
Turn   | Place    | Note
-------+----------+-------------------------------------------
     0 | D:1      | warriortoast the Gargoyle Earth Elementalist began the
                  | quest for the Orb.
     0 | D:1      | Reached XP level 1. HP: 10/10 MP: 3/3
   130 | D:1      | Reached XP level 2. HP: 12/15 MP: 0/5
   261 | D:1      | Reached skill level 4 in Earth Magic
   683 | D:1      | Reached XP level 3. HP: 13/19 MP: 3/6
   995 | D:2      | Found a faded altar of an unknown god.
  1211 | D:2      | Slain by a gnoll

Illustrated notes

Levels and vault maps discovered:
D:1:      dpeg_arrival_houses_and_road, layout_basic, st_stairs_12
D:2:      minmay_wonky_spiral, layout_loops_cross, nicolae_ecumenical_pavilion,
          amcnicky_mini_corridor_feature, uniq_terence, uniq_crazy_yiuf_cottage,
          uniq_jessica

Skill      XL: |  1  2 |
---------------+-------+-----
Earth Magic    | 4 |  4.2
Conjurations   | 2 |  2.1
Dodging        | |  1.5
Stealth        | |  2.1
Spellcasting   | |  2.6

Action                     || total
---------------------------++-------
  Melee: Unarmed           ||     6
         Short sword       ||    13
   Cast: Sandblast         ||    33
 Armour: Robe              ||    28
  Dodge: Dodged            ||    21

Table legend: (Time is in decaauts)
 A = Elapsed time spent in this place.
 B = Non-inter-level travel time spent in this place.
 C = Inter-level travel time spent in this place.
 D = Time resting spent in this place.
 E = Time spent auto-exploring this place.
 F = Levels seen in this place.
 G = Mean time per level.
                   A        B        C        D        E       F      G
               +--------+--------+--------+--------+--------+-----+--------+
         Total |   1226 |   1199 |     27 |    325 |    727 |   2 |  613.0 |
       Dungeon |   1226 |   1199 |     27 |    325 |    727 |   2 |  613.0 |
               +--------+--------+--------+--------+--------+-----+--------+

Top non-repeatable levels by time:
     D:1: 1005 daAuts
     D:2: 221 daAuts
